 Dungeon Sprint DCSS version 0.30-a0-728-gc68057be0a (webtiles) character file.

Game seed: 6002405934967240793

20189 rocky1 the Imperceptible (level 12, -1/123 HPs)
             Began as a Naga Brigand on Feb 1, 2023.
             Was a High Priest of Cheibriados.
             Slain by a purple draconian
             ... wielding a +0 trident
              (4 damage)
             ... in the Dungeon (Sprint VII: "The Pits").
             The game lasted 00:13:45 (3387 turns).

rocky1 the Imperceptible (Naga Brigand)             Turns: 3387, Time: 00:13:45

Health: -1/123     AC: 12    Str: 27    XL:     12   Next: 76%
Magic:  14/23      EV: 17    Int: 27    God:    Cheibriados [*****.]
Gold:   61         SH:  0    Dex: 31    Spells: 11/11 levels left

rFire   . . .      SeeInvis +    a - +2 rapier (drain)
rCold   . . .      Faith    .    (no shield)
rNeg    . . .      Spirit   .    I - +1 troll leather armour of the Stag {rElec Regen+}
rPois   +          Reflect  .    (no helmet)
rElec   +          Harm     .    c - +0 cloak
rCorr   .          Rampage  .    (no gloves)
Will    +....      NoTele   +    (no barding)
Stlth   ++++++++++               (no amulet)
HPRegen 1.20/turn                q - +3 ring of intelligence
MPRegen 0.18/turn                r - +3 ring of protection

@: very slow
A: AC +4, large, see invisible, deformed body, poison resistance, slowness 2,
spit poison 1, naga tail 1
a: Spit Poison, Renounce Religion, Bend Time, Temporal Distortion, Slouch, Step
From Time


You were in the Dungeon.
You worshipped Cheibriados.
Cheibriados was extremely pleased with you.
You visited 1 branch You collected 61 gold pieces.

Inventory:

Hand Weapons
 a - a +2 rapier of draining (weapon)
 b - a +3 long sword of holy wrath
 u - the +2 morningstar of Yppeps {elec, Int+8}
   (You found it in the Dungeon)

   Int:       It affects your intelligence (+8).
 w - a +2 scimitar of flaming
 G - a +0 great sword of flaming
 K - a +8 shortbow
Missiles
 d - 17 poisoned darts
 e - 3 curare-tipped darts (quivered)
Armour
 c - a +0 cloak (worn)
 h - a +0 robe
 p - a +2 robe of cold resistance
 B - a +0 buckler
 I - the +1 troll leather armour of the Stag (worn) {rElec Regen+}
   (You found it in the Dungeon)

   rElec:     It insulates you from electricity.
   Regen:     It increases your rate of health regeneration.
Magical Staves
 J - a staff of earth
Jewellery
 q - a +3 ring of intelligence (left hand)
 r - a +3 ring of protection (right hand)
 x - a ring of positive energy
 y - a ring of positive energy
 A - a +5 ring of evasion
 H - a +4 ring of protection
Wands
 o - a wand of polymorph (3)
Scrolls
 k - 2 scrolls of blinking
 m - 5 scrolls of amnesia
 n - a scroll of butterflies
 v - 2 scrolls of identify
 z - a scroll of magic mapping
 C - a scroll of fear
 D - 6 scrolls of enchant weapon
 E - 2 scrolls of fog
Potions
 f - 11 potions of curing
 g - 14 potions of heal wounds
 i - 2 potions of magic
 j - 5 potions of berserk rage
 l - 2 potions of invisibility
 s - 2 potions of might
 t - a potion of brilliance
 F - 2 potions of mutation


   Skills:
 + Level 12.5 Fighting
 + Level 16.7(17.3) Short Blades
 + Level 7.7(13.2) Long Blades
 - Level 1.7 Throwing
 - Level 7.1 Armour
 - Level 7.2 Dodging
 + Level 25.1 Stealth
 + Level 14.7 Invocations


You had 11 spell levels left.
You didn't know any spells.
Your spell library was empty.

Dungeon Overview and Level Annotations

Branches:
Dungeon (1/1)

Altars:
Ashenzari
Cheibriados
Dithmenos
Elyvilon
Fedhas
Gozag
Hepliaklqana
Kikubaaqudgha
Makhleb
Nemelex Xobeh
Okawaru
Qazlal
Ru
Sif Muna
Trog
Uskayaw
Vehumet
Wu Jian
Xom
Yredelemnul
Zin
The Shining One
Jiyva
Lugonu


Innate Abilities, Weirdness & Mutations

Your serpentine skin is tough. (AC +4)
You have supernaturally acute eyesight. (SInv)
Armour fits poorly on your strangely shaped body.
Your system is resistant to poisons. (rPois)
You cover ground very slowly.
You can spit poison.
You have a snake-like lower body.


Message History

The purple draconian is moderately wounded.
The purple draconian breathes dispelling energy at you.
The bolt of dispelling energy hits you!
The purple draconian breathes dispelling energy at you.
The bolt of dispelling energy hits you!!
The purple draconian hits you but does no damage.
The purple draconian misses you.
The purple draconian hits you but does no damage.
The purple draconian breathes dispelling energy at you.
The bolt of dispelling energy hits you!!
The lich shouts!
You hit the purple draconian.
The purple draconian is moderately wounded.
You have got your breath back.
You hear a shout!
You puncture the purple draconian!
The purple draconian is heavily wounded.
The purple draconian misses you.
The lich mumbles some strange words.
The lich seems to speed up.
You hit the purple draconian but do no damage.
You drain the purple draconian.
The purple draconian is heavily wounded.
You puncture the purple draconian! You drain the purple draconian.
The purple draconian is severely wounded.
The purple draconian hits you with a +0 trident!
You barely miss the purple draconian.
The purple draconian is severely wounded.
A sphinx comes into view.
Activating: Slouch (0% risk of failure)
Press: ? - help, Dir - look around, f - activate You can feel time thicken for a moment.
Cheibriados lowers the support of your attributes as your movement quickens.
The purple draconian looks more healthy.
The lich points at you and mumbles some strange words.
The bolt of cold hits you!!!
* * * LOW HITPOINT WARNING * * *
A deep elf demonologist comes into view.
It is wielding a +0 rapier.
The purple draconian hits you with a +0 trident.
You die...

#..# #..#
#..# #)'# #
##)'# #
##...# #
##...## #
##++###..)##
#
H.L....@.##
# e....#.d)#
# #... ##..+
# ##. .).# #
#. ....# # .
...... #
##...#. #
##.###. #


You could see a purple draconian (catching breath, drained), a sphinx, a lich
(fast) and a deep elf demonologist (wandering).

Vanquished Creatures
  2 liches (D)
  2 fire giants (D)
  A draconian scorcher (D)
  2 yellow draconians (D)
  A deep elf annihilator (D)
  2 deep elf death magi (D)
  A mummy priest (D)
  A fire dragon (D)
  Erolcha (D)
  An anaconda (D)
  A two-headed ogre (D)
  A dancing weapon (D)
  An orc sorcerer (D)
  A manticore (D)
  A demonic crawler (D)
  An unseen horror (D)
  A gargoyle (D)
  A rime drake (D)
  A freezing wraith (D)
  An efreet (D)
  A red devil (D)
  A guardian mummy (D)
  Grinder (D)
  3 snapping turtles (D)
  A wind drake (D)
  A jumping spider (D)
  3 slime creatures (D)
  An air elemental (D)
  A shadow (D)
  A wraith (D)
  A wyvern (D)
  6 vampire mosquitoes (D)
  2 redbacks (D)
  A steam dragon (D)
  A basilisk (D)
  2 wargs (D)
  A water moccasin (D)
  Duvessa (D)
  2 floating eyes (D)
  2 swamp drakes (D)
  An orc warrior (D)
  2 centaurs (D)
  A scorpion (D)
  A kobold brigand (D)
  Dowan (D)
  5 wights (D)
  A crimson imp (D)
  2 iron imps (D)
  A jelly (D)
  An iguana (D)
  2 hell rats (D)
  An orc wizard (D)
  2 gnolls (D)
  An adder (D)
  A river rat (D)
  An ufetubus (D)
  2 worms (D)
  A bat skeleton (D)
  A bat zombie (D)
  3 giant cockroaches (D)
  A hobgoblin (D)
  A kobold (D)
  2 quokkas (D)
  A ball python skeleton (D)
  A bat (D)
  3 rats (D)
97 creatures vanquished.

Vanquished Creatures (others)
  A bat simulacrum (D)
1 creature vanquished.

Grand Total: 98 creatures vanquished

Notes
Turn   | Place    | Note
-------+----------+-------------------------------------------
     0 | D        | rocky1 the Naga Brigand began the quest for the Orb.
     0 | D        | Reached XP level 1. HP: 19/19 MP: 1/1
    14 | D        | Reached skill level 7 in Stealth
    14 | D        | Reached XP level 2. HP: 27/27 MP: 2/2
    20 | D        | Found a bloodstained altar of Trog.
    20 | D        | Found a shimmering blue altar of Sif Muna.
    20 | D        | Found a viscous altar of Jiyva.
    20 | D        | Found a hazy altar of Hepliaklqana.
    20 | D        | Found an opulent altar of Gozag.
    21 | D        | Found a glowing golden altar of the Shining One.
    21 | D        | Found a glowing silver altar of Zin.
    21 | D        | Found a basalt altar of Yredelemnul.
    21 | D        | Found a shimmering altar of Xom.
    21 | D        | Found an ornate altar of the Wu Jian Council.
    21 | D        | Found a sacrificial altar of Ru.
    21 | D        | Found a stormy altar of Qazlal.
    21 | D        | Found an iron altar of Okawaru.
    21 | D        | Found a sparkling altar of Nemelex Xobeh.
    21 | D        | Found a burning altar of Makhleb.
    21 | D        | Found a blossoming altar of Fedhas.
    21 | D        | Found a white marble altar of Elyvilon.
    21 | D        | Found a shadowy altar of Dithmenos.
    21 | D        | Found a snail-covered altar of Cheibriados.
    25 | D        | Found a corrupted altar of Lugonu.
    25 | D        | Found a radiant altar of Vehumet.
    26 | D        | Found a broken altar of Ashenzari.
    26 | D        | Found an ancient bone altar of Kikubaaqudgha.
    26 | D        | Found a hide-covered altar of Uskayaw.
    32 | D        | Became a worshipper of Cheibriados the Contemplative
    72 | D        | Noticed a floating eye
    79 | D        | Paralysed by a floating eye for 2 turns
    84 | D        | Killed a floating eye
    84 | D        | Reached * piety under Cheibriados
    85 | D        | Reached skill level 5 in Short Blades
    85 | D        | Reached skill level 10 in Stealth
    85 | D        | Reached XP level 3. HP: 35/36 MP: 2/5
    85 | D        | Reached XP level 4. HP: 43/44 MP: 2/6
   232 | D        | Reached ** piety under Cheibriados
   336 | D        | Noticed a floating eye
   351 | D        | Reached *** piety under Cheibriados
   352 | D        | Reached XP level 5. HP: 44/51 MP: 7/7
   354 | D        | Paralysed by a floating eye for 4 turns
   362 | D        | Killed a floating eye
   363 | D        | Reached skill level 5 in Fighting
   363 | D        | Reached skill level 12 in Stealth
   424 | D        | Reached XP level 6. HP: 61/61 MP: 9/9
   431 | D        | Reached **** piety under Cheibriados
   437 | D        | Noticed Grinder
   455 | D        | Reached skill level 5 in Invocations
   578 | D        | Reached ***** piety under Cheibriados
   579 | D        | Reached skill level 13 in Stealth
   589 | D        | Killed Grinder
   590 | D        | Reached skill level 14 in Stealth
   590 | D        | Reached XP level 7. HP: 27/70 MP: 9/11
  1006 | D        | Noticed a red devil
  1008 | D        | Killed a red devil
  1009 | D        | Reached skill level 15 in Stealth
  1010 | D        | Noticed a warg
  1013 | D        | Reached skill level 10 in Short Blades
  1013 | D        | Reached skill level 16 in Stealth
  1020 | D        | Killed a warg
  1021 | D        | Reached XP level 8. HP: 42/80 MP: 13/13
  1260 | D        | Reached ****** piety under Cheibriados
  1306 | D        | Got the +2 morningstar of Yppeps {elec, Int+8}
  1383 | D        | Noticed a guardian mummy
  1392 | D        | Killed a guardian mummy
  1393 | D        | Reached skill level 17 in Stealth
  1435 | D        | Noticed a jumping spider
  1435 | D        | Noticed an efreet
  1438 | D        | Killed an efreet
  1439 | D        | Reached skill level 18 in Stealth
  1444 | D        | Killed a jumping spider
  1445 | D        | Reached XP level 9. HP: 65/90 MP: 6/15
  1519 | D        | Noticed Erolcha
  1521 | D        | Noticed a wind drake
  1526 | D        | Killed Erolcha
  1526 | D        | Killed a wind drake
  1527 | D        | Reached skill level 19 in Stealth
  1682 | D        | Noticed a fire giant
  1689 | D        | Killed a fire giant
  1690 | D        | Reached skill level 20 in Stealth
  1690 | D        | Reached skill level 10 in Invocations
  1690 | D        | Reached XP level 10. HP: 100/100 MP: 17/17
  1802 | D        | Reached skill level 21 in Stealth
  1809 | D        | Reached skill level 10 in Fighting
  2244 | D        | Noticed an orc sorcerer
  2248 | D        | Killed an orc sorcerer
  2249 | D        | Reached skill level 1 in Armour
  2412 | D        | Noticed an unseen horror
  2419 | D        | Killed an unseen horror
  2681 | D        | Noticed a manticore
  2684 | D        | Killed a manticore
  2700 | D        | Reached skill level 22 in Stealth
  2727 | D        | Reached skill level 5 in Dodging
  2727 | D        | Reached XP level 11. HP: 108/108 MP: 19/19
  2734 | D        | Reached skill level 5 in Armour
  2747 | D        | Noticed an anaconda
  2756 | D        | Killed an anaconda
  2759 | D        | Noticed Duvessa
  2759 | D        | Noticed Dowan
  2765 | D        | Killed Duvessa
  2766 | D        | Killed Dowan
  2769 | D        | Noticed a two-headed ogre
  2774 | D        | Killed a two-headed ogre
  2775 | D        | Reached skill level 15 in Short Blades
  2979 | D        | Noticed a +4 hand axe of freezing
  2979 | D        | Noticed a mummy priest
  2979 | D        | Noticed a fire giant
  2984 | D        | Killed a +4 hand axe of freezing
  2985 | D        | Reached skill level 23 in Stealth
  2985 | D        | Killed a mummy priest
  2991 | D        | Killed a fire giant
  2998 | D        | Got the +1 troll leather armour of the Stag {rElec Regen+}
  3229 | D        | Noticed a deep elf death mage
  3230 | D        | Noticed a fire dragon
  3232 | D        | Noticed a yellow draconian
  3233 | D        | Noticed a deep elf death mage
  3234 | D        | Killed a deep elf death mage
  3235 | D        | Reached XP level 12. HP: 99/120 MP: 5/21
  3235 | D        | Killed a fire dragon
  3237 | D        | Killed a deep elf death mage
  3238 | D        | Reached skill level 5 in Long Blades
  3238 | D        | Reached skill level 24 in Stealth
  3239 | D        | Killed a yellow draconian
  3371 | D        | Noticed a deep elf annihilator
  3372 | D        | Noticed a purple draconian
  3372 | D        | Noticed a yellow draconian
  3372 | D        | Noticed a red draconian scorcher
  3373 | D        | Noticed a lich
  3374 | D        | Noticed a lich
  3375 | D        | Killed a deep elf annihilator
  3375 | D        | Killed a red draconian scorcher
  3376 | D        | Killed a yellow draconian
  3376 | D        | Killed a lich
  3378 | D        | Killed a lich
  3378 | D        | Noticed a lich
  3379 | D        | Reached skill level 25 in Stealth
  3386 | D        | Noticed a sphinx
  3387 | D        | HP: 3/123 [lich/bolt of cold (48)]
  3387 | D        | Noticed a deep elf demonologist
  3387 | D        | Slain by a purple draconian

Illustrated notes

Levels and vault maps discovered:
D:        pitsprint [storerooms_1, entrance_room_1, metal_vault_5, armoury_1,
          mini_pit_1, grid_room_1, main_hall_1, silver_pit, the_coven_1,
          the_vestibule_1, steel_vault_3, golden_pit, hallway_of_sentries,
          crystal_vault_4, iron_vault_1, final_vault]

Skill      XL: |  1  2  3  4  5  6  7  8  9 10 11 12 |
---------------+-------------------------------------+-----
Short Blades   | 3 5 7 8 10 11 13 14 15 16 | 16.7
Stealth        | 7 10 12 14 16 18 20 22 23 25 | 25.1
Fighting       | 4 5 6 7 8 9 10 11 12 | 12.5
Invocations    | 3 4 6 7 8 10 11 13 14 | 14.7
Armour         | 4 7 |  7.1
Dodging        | 5 7 |  7.2
Long Blades    | 4 7 |  7.7
Throwing       | |  1.7

Action                     |  1- 3 |  4- 6 |  7- 9 | 10-12 || total
---------------------------+-------+-------+-------+-------++-------
  Melee: Dagger            |     9 |    25 |     6 |       ||    40
         Long sword        |       |    11 |    12 |     1 ||    24
         Falchion          |       |     7 |       |       ||     7
         Punch             |       |     1 |     1 |     1 ||     3
         Rapier            |       |       |     4 |    68 ||    72
         Scimitar          |       |       |       |     3 ||     3
  Throw: Dart              |     1 |       |       |       ||     1
 Invoke: Slouch            |       |       |     4 |    21 ||    25
Ability: Spit Poison       |       |       |     1 |     2 ||     3
    Use: Potion            |       |     1 |       |     2 ||     3
   Stab: Sleeping          |       |     4 |     9 |    28 ||    41
 Armour: Robe              |       |    15 |       |    19 ||    34
         Troll leather arm |       |       |       |     3 ||     3
  Dodge: Dodged            |     1 |    17 |     9 |    29 ||    56

Table legend: (Time is in decaauts)
 A = Elapsed time spent in this place.
 B = Non-inter-level travel time spent in this place.
 C = Inter-level travel time spent in this place.
 D = Time resting spent in this place.
 E = Time spent auto-exploring this place.
 F = Levels seen in this place.
 G = Mean time per level.
                   A        B        C        D        E       F      G
               +--------+--------+--------+--------+--------+-----+--------+
         Total |   4690 |   4445 |    245 |   2244 |      0 |   1 | 4690.0 |
       Dungeon |   4690 |   4445 |    245 |   2244 |      0 |   1 | 4690.0 |
               +--------+--------+--------+--------+--------+-----+--------+

Top non-repeatable levels by time:
       D: 4690 daAuts
